 Dungeon Crawl Stone Soup version 0.28.0-53-g5a82cb258f (webtiles) character file.

Game seed: 4520021726027682577

34 quixfox the Skirmisher (level 3, 0/33 HPs)
             Began as a Hill Orc Fighter on July 9, 2022.
             Constricted to death by a ball python (1 damage)
             ... on level 2 of the Dungeon.
             The game lasted 00:00:57 (756 turns).

quixfox the Skirmisher (Hill Orc Fighter)            Turns: 756, Time: 00:00:57

Health: 0/33       AC:  6    Str: 20    XL:     3   Next: 31%
Magic:  3/3        EV:  6    Int:  8    God:
Gold:   25         SH:  4    Dex: 10    Spells: 2/2 levels left

rFire   . . .      SeeInvis .   a - +0 war axe
rCold   . . .      Faith    .   c - +0 buckler
rNeg    . . .      Spirit   .   b - +0 scale mail
rPois   .          Reflect  .   (no helmet)
rElec   .          Harm     .   (no cloak)
rCorr   .          Rampage  .   (no gloves)
Will    .....                   (no boots)
Stlth   ..........              (no amulet)
HPRegen 0.11/turn               (no ring)
MPRegen 0.08/turn               (no ring)

@: constricted
A: no striking features
a: no special abilities


You were on level 2 of the Dungeon.
You visited 1 branch of the dungeon, and saw 2 of its levels.

You collected 25 gold pieces.

Inventory:

Hand Weapons
 a - a +0 war axe (weapon)
Armour
 b - a +0 scale mail (worn)
 c - a +0 buckler (worn)
Jewellery
 g - an amulet of faith
Scrolls
 e - a scroll of noise {unknown}
 f - a scroll of holy word {unknown}
 h - a scroll of vulnerability {unknown}
Potions
 d - a potion of might


   Skills:
 + Level 4.0 Fighting
 * Level 4.0 Axes
 + Level 3.6 Armour
 - Level 3.2 Shields


You had 2 spell levels left.
You didn't know any spells.
Your spell library contained the following spells:

 Spells                   Type           Power      Damage    Failure   Level
 Corpse Rot               Necr/Air       0%         N/A       94%         2
 Poisonous Vapours        Pois/Air       0%         N/A       94%         2


Dungeon Overview and Level Annotations

Branches:
Dungeon (2/15)

Altars:

Annotations:
D:2 Sigmund


Message History

The frilled lizard bites you but does no damage.
You barely miss the frilled lizard.
Sigmund shouts!
Sigmund gestures wildly while chanting.
Sigmund flickers and vanishes!
Deactivating autopickup; reactivate with Ctrl-A.
The frilled lizard bites you but does no damage.
You slash the frilled lizard!
You kill the frilled lizard!
You slash the goblin!
You kill the goblin!
You hit the frilled lizard.
The frilled lizard is heavily wounded.
The frilled lizard bites you but does no damage.
The frilled lizard closely misses you.
A ball python comes into view.
You barely miss the frilled lizard.
The frilled lizard is heavily wounded.
The ball python hisses angrily.
You block the frilled lizard's attack. Something hits you.
You miss the frilled lizard. The frilled lizard closely misses you.
Something hits you.
You miss the frilled lizard.
You block the frilled lizard's attack. x2
You hit the frilled lizard.
You kill the frilled lizard!
Something hits you.
Your Axes skill increases to level 4!
You closely miss the ball python. Something hits you!
* * * LOW HITPOINT WARNING * * *
You block the ball python's attack. The ball python grabs you.
The ball python constricts you.
* * * LOW HITPOINT WARNING * * *
The ball python bites you but does no damage.
The ball python constricts you.
It was a potion of curing.
You feel better. Something hits you!
* * * LOW HITPOINT WARNING * * *
The ball python bites you.
* * * LOW HITPOINT WARNING * * *
The ball python constricts you.
You die...

########
#......#
#.####.#
#@#<...#
######S######
.......{.....#
....##..........
.. #...##.###.
#...# # #...#
..... ......


You could see a ball python.

Vanquished Creatures
  An adder (D:2)
  A ball python (D:1)
  2 endoplasms (D:1)
  A giant cockroach (D:1)
  2 goblins
  5 hobgoblins
  A quokka (D:1)
  3 bats (D:1)
  2 frilled lizards (D:2)
  3 kobolds
  2 rats (D:1)
23 creatures vanquished.

Notes
Turn   | Place    | Note
-------+----------+-------------------------------------------
     0 | D:1      | quixfox the Hill Orc Fighter began the quest for the Orb.
     0 | D:1      | Reached XP level 1. HP: 19/19 MP: 1/1
   150 | D:1      | Reached XP level 2. HP: 27/27 MP: 2/2
   251 | D:1      | Found a faded altar of an unknown god.
   741 | D:2      | Reached XP level 3. HP: 24/33 MP: 3/3
   746 | D:2      | Noticed Sigmund
   756 | D:2      | HP: 1/33 [ball python (1)]
   756 | D:2      | Constricted to death by a ball python

Illustrated notes

Levels and vault maps discovered:
D:1:      dpeg_arrival_simpleton_c, layout_basic, ebering_ecumenical_altar_webs
D:2:      layout_basic, minmay_circle_x, uniq_jessica, uniq_sigmund

Skill      XL: |  1  2  3 |
---------------+----------+-----
Axes           | 3 4 |  4.0
Fighting       | 4 |  4.0
Armour         | |  3.6
Shields        | |  3.2

Action                   || total
-------------------------++-------
Melee: War axe           ||    64
  Use: Potion            ||     1
Armor: Scale mail        ||    37
Dodge: Dodged            ||    27
Block: Buckler           ||    13
